 Dungeon Crawl Stone Soup version 0.28-a0-1142-gc8569940dd (webtiles) character file.

Game seed: 2107232848750411214

14835 ChaosChampion the Demonic Mishap (level 11, -3/87 HPs)
             Began as a Demonspawn Monk on Dec 13, 2021.
             Was an Initiate of Qazlal.
             Killed from afar by an efreet (26 damage)
             ... with a fireball
             ... on level 12 of the Dungeon.
             The game lasted 00:25:29 (13182 turns).

ChaosChampion the Demonic Mishap (Demonspawn Monk) Turns: 13182, Time: 00:25:30

Health: -3/87      AC: 20    Str: 21    XL:     11   Next: 93%
Magic:  11/11      EV: 11    Int: 14    God:    Qazlal [......]
Gold:   1099       SH:  5    Dex: 17    Spells: 10/10 levels left

rFire   . . .      SeeInvis .   a - +3 executioner's axe (vamp)
rCold   . . .      Faith    .   (shield currently unavailable)
rNeg    + + .      Spirit   .   p - +2 scale mail "Qusad" {Regen+ rCorr}
rPois   .          Reflect  +   u - +2 helmet
rElec   +          Harm     .   (no cloak)
rCorr   +          Rampage  .   c - +1 pair of gloves
Will    +....      NoTele   +   (no boots)
Stlth   ++........              K - amulet "Pusheadu" {Reflect -Tele rN+ Int+3 SH+5}
HPRegen 1.04/turn               s - ring "Joip" {rN+ Will+ MP-9 Str+6 Stlth+}
MPRegen 0.12/turn               (no ring)

@: hasted, studying 3 skills, very quick
A: thin metallic scales 3, demonic guardian 1, weakness stinger 2
a: Renounce Religion


You were on level 12 of the Dungeon.
You worshipped Qazlal.
Qazlal was noncommittal.
You visited 2 branches of the dungeon, and saw 13 of its levels.
You also visited: Trove.

You collected 1308 gold pieces.
You spent 209 gold pieces at shops.

Inventory:

Hand Weapons
 a - a +3 vampiric executioner's axe (weapon)
 b - a +6 vorpal flail
 g - the +6 morningstar of Vodka {drain, rElec Int-5 Dex+4}
   (You found it on level 6 of the Dungeon)

   A truly terrible weapon, it drains the life of any living foe it strikes.
   Int:       It affects your intelligence (-5).
   Dex:       It affects your dexterity (+4).
   rElec:     It insulates you from electricity.
 B - a +7 vorpal spear
Missiles
 E - a throwing net (quivered)
Armour
 c - a +1 pair of gloves (worn)
 e - a +1 ring mail of poison resistance
 p - the +2 scale mail "Qusad" (worn) {Regen+ rCorr}
   (You found it on level 7 of the Dungeon)

   Regen:     It increases your rate of health regeneration.
   rCorr:     It protects you from acid and corrosion.
 u - a +2 helmet (worn)
 A - +0 acid dragon scales
Jewellery
 s - the ring "Joip" (left hand) {rN+ Will+ MP-9 Str+6 Stlth+}
   (You acquired it on level 5 of the Dungeon)

   [ring of strength]

   Str:       It affects your strength (+6).
   rN:        It protects you from negative energy.
   MP:        It affects your magic capacity (-9).
   Will:      It increases your willpower.
   Stlth:     It makes you more stealthy.
 G - a ring of ice
 K - the amulet "Pusheadu" (around neck) {Reflect -Tele rN+ Int+3 SH+5}
   (You found it in a treasure trove)

   [amulet of reflection]

   It reflects blocked missile attacks.
   Int:       It affects your intelligence (+3).
   rN:        It protects you from negative energy.
   -Tele:     It prevents most forms of teleportation.
   SH:        It affects your SH (+5).
Wands
 k - a wand of charming (4)
 n - a wand of acid (7)
 t - a wand of paralysis (13)
 x - a wand of iceblast (4)
 C - a wand of flame (9)
Scrolls
 d - a scroll of summoning
 f - 8 scrolls of identify
 l - 2 scrolls of enchant armour
 m - 2 scrolls of amnesia
 q - a scroll of silence
 w - 2 scrolls of brand weapon {unknown}
 y - a scroll of blinking
 D - 2 scrolls of fog {unknown}
 F - a scroll of fear
 I - a scroll of teleportation
Potions
 h - a potion of lignification
 i - a potion of magic
 j - 2 potions of resistance
 o - a potion of heal wounds
 r - 4 potions of haste
 z - 4 potions of curing {unknown}
 H - a potion of experience {unknown}


   Skills:
 + Level 8.7 Fighting
 * Level 11.1 Axes
 + Level 10.6 Armour
 - Level 2.6 Dodging
 - Level 1.7 Stealth
 + Level 13.2 Invocations


You had 10 spell levels left.
You didn't know any spells.
Your spell library contained the following spells:

 Spells                   Type           Power      Damage    Failure   Level
 Animate Skeleton         Necr           0%         N/A       54%         1
 Apportation              Tloc           0%         N/A       54%         1
 Foxfire                  Conj/Fire      0%         2x1d4     54%         1
 Summon Small Mammal      Summ           0%         N/A       54%         1
 Corpse Rot               Necr/Air       0%         N/A       69%         2
 Poisonous Vapours        Pois/Air       0%         N/A       69%         2
 Static Discharge         Conj/Air       0%         N/A       69%         2
 Ignite Poison            Fire/Tmut/Pois 0%         N/A       89%         3
 Inner Flame              Hex/Fire       0%         N/A       89%         3
 Portal Projectile        Hex/Tloc       0%         N/A       89%         3
 Summon Guardian Golem    Hex/Summ       0%         N/A       89%         3
 Tukima's Dance           Hex            0%         N/A       89%         3
 Iskenderun's Mystic Bla  Conj/Tloc      0%         2d3       100%        4
 Olgreb's Toxic Radiance  Pois           0%         N/A       100%        4
 Passage of Golubria      Tloc           0%         N/A       100%        4
 Alistair's Intoxication  Tmut/Pois      0%         N/A       100%        5
 Borgnjor's Vile Clutch   Necr/Erth      0%         N/A       100%        5
 Fireball                 Conj/Fire      0%         3d3       100%        5
 Summon Mana Viper        Hex/Summ       0%         N/A       100%        5
 Eringya's Noxious Bog    Tmut/Pois      0%         N/A       100%        6
 Orb of Destruction       Conj           0%         N/A       100%        7
 Spellforged Servitor     Conj/Summ      0%         N/A       100%        7


Dungeon Overview and Level Annotations

Branches:
Dungeon (12/15)            Temple (1/1) D:5            Lair (0/6) D:10
    Orc (0/2) D:10

Altars:
Ashenzari
Cheibriados
Dithmenos
Elyvilon
Fedhas
Gozag
Hepliaklqana
Kikubaaqudgha
Makhleb
Nemelex Xobeh
Okawaru
Qazlal
Ru
Sif Muna
Trog
Uskayaw
Vehumet
Wu Jian
Xom
Yredelemnul
Zin
The Shining One

Shops:
D:7 *   D:8 ?[

Portals:
Abyss: D:10

Annotations:
D:10 2 transporters, exclusion: downstairs, anet's ghost, novice GnDe


Innate Abilities, Weirdness & Mutations

You are completely covered in thin metallic scales. (AC +4, rElec)
A weak demonic guardian rushes to your aid.
You have a tail ending in a sharp stinger.


Message History

You open the door.
An orc priest and an efreet come into view.
The efreet is wielding a +3 scimitar of flaming.
There are monsters nearby!
You barely miss the efreet. The efreet gestures at you.
The fireball explodes!
The fireball engulfs you!!
A demonic guardian appears!
The fireball engulfs the efreet.
The efreet completely resists.
The fireball engulfs your hellwing.
You hear a shout! x2
You hit the efreet but do no damage.
You tail-slap the efreet, but do no damage.
The efreet hits you with a +3 scimitar of flaming!
The efreet burns you. The efreet hits you but does no damage.
You hit the efreet but do no damage.
The orc priest miscasts a cantrip.
The efreet gestures at you.
The fireball explodes!
The fireball engulfs you!
The fireball engulfs the efreet.
The efreet completely resists.
The fireball engulfs your hellwing!
You hit the efreet but do no damage.
Your tail-slap misses the efreet.
The orc priest mumbles some strange prayers to Beogh against you.
Beogh smites you! The efreet gestures at you.
The fireball explodes!
The fireball engulfs you!
* * * LOW HITPOINT WARNING * * *
The fireball engulfs the efreet.
The efreet completely resists.
The fireball engulfs your hellwing!!!
Your hellwing dies!
Your hellwing disappears in a puff of smoke!
You feel yourself speed up.
The efreet hits you with a +3 scimitar of flaming.
* * * LOW HITPOINT WARNING * * *
The efreet burns you.
* * * LOW HITPOINT WARNING * * *
An orc warrior comes into view. It is wielding a +0 glaive.
There is an open door here.
The efreet gestures at you.
The fireball explodes!
The fireball engulfs you!!
You die...

............####..........#
##..<.......# #..........#
##..........# #......(...#
#########.## ######'#####
#.# ####.# #.. #..).# ####+
###'#### ... #......# ....
###@.....# o.☼R° #.'......#
....☼○#R#......#
..oo.o☼.###+#### ......###
######


You could see an efreet and an orc priest.

Vanquished Creatures
  Harold (D:9)
  2 hydras (D:11)
  2 tengu warriors (D:11)
  A deep elf pyromancer (D:12)
  Pikel (D:5)
  A manticore (D:12)
  2 cyclopes
  A gargoyle (D:11)
  An unseen horror (D:7)
  5 trolls
  A slime creature (D:7)
  2 shadows
  14 yaks
  A wraith (D:11)
  Eustachio (D:5)
  A fire elemental (D:11)
  2 wyverns
  7 vampire mosquitoes
  Edmund (D:6)
  3 acid dragons
  2 hornet zombies
  An orc warrior (D:11)
  A necrophage (D:4)
  8 centaurs
  A phantom (D:5)
  2 kobold brigands
  A gnoll sergeant (D:9)
  A bullfrog (D:5)
  2 scorpions
  A water moccasin zombie (D:7)
  2 wyvern skeletons (D:7)
  2 water moccasin skeletons
  9 killer bees
  An electric eel (D:8)
  2 howler monkeys
  2 bullfrog zombies
  4 jellies
  7 centaur zombies
  A gnoll shaman (D:8)
  4 hounds
  4 orc priests
  4 iguanas
  5 orc wizards
  2 hound skeletons
  2 howler monkey zombies
  15 gnolls
  A howler monkey skeleton (D:7)
  7 adders
  A shadow imp (D:6)
  4 worms
  4 dart slugs
  17 orcs
  10 endoplasms
  5 giant cockroaches
  7 goblins
  7 hobgoblins
  5 jackals
  14 kobolds
  5 quokkas
  8 ball pythons
  4 bats (D:1)
  7 frilled lizards (D:1)
  7 rats
249 creatures vanquished.

Vanquished Creatures (others)
  5 plants (D:1)
5 creatures vanquished.

Grand Total: 254 creatures vanquished

Notes
Turn   | Place    | Note
-------+----------+-------------------------------------------
     0 | D:1      | ChaosChampion the Demonspawn Monk began the quest for the
                  | Orb.
     0 | D:1      | Reached XP level 1. HP: 18/18 MP: 1/1
   145 | D:1      | Gained mutation: You are partially covered in thin metallic
                  | scales. (AC +2) [demonic ancestry]
   145 | D:1      | Reached XP level 2. HP: 24/24 MP: 2/2
   591 | D:1      | Gained mutation: You are mostly covered in thin metallic
                  | scales. (AC +3) [demonic ancestry]
   591 | D:1      | Reached XP level 3. HP: 26/29 MP: 3/3
  1605 | D:2      | Reached XP level 4. HP: 34/37 MP: 4/4
  3216 | D:4      | Gained mutation: You have a small tail. [demonic ancestry]
  3216 | D:4      | Reached XP level 5. HP: 19/43 MP: 5/5
  3562 | D:4      | Noticed a necrophage
  3584 | D:4      | Killed a necrophage
  3585 | D:4      | Reached skill level 5 in Fighting
  3585 | D:4      | Reached XP level 6. HP: 41/51 MP: 6/6
  3792 | D:3      | Reached skill level 5 in Axes
  3797 | D:3      | Reached skill level 1 in Armour
  4707 | D:4      | You fall into a shaft and drop 1 floor!
  4707 | D:5      | Entered Level 5 of the Dungeon
  4745 | D:5      | Gained mutation: A weak demonic guardian rushes to your
                  | aid. [demonic ancestry]
  4745 | D:5      | Reached XP level 7. HP: 31/57 MP: 7/7
  5157 | D:5      | Identified 3 scrolls of acquirement
  5172 | D:5      | Acquired 602 gold pieces
  5174 | D:5      | Acquired the ring "Joip" {rN+ Will+ MP-9 Str+6 Stlth+}
  5539 | D:5      | Noticed a troll
  5542 | D:5      | Acquired a +2 vampiric executioner's axe
  5552 | D:5      | Killed a troll
  5751 | D:5      | Noticed Eustachio
  5756 | D:5      | Killed Eustachio
  5757 | D:5      | Gained mutation: You have a tail ending in a sharp stinger.
                  | [demonic ancestry]
  5757 | D:5      | Reached XP level 8. HP: 53/65 MP: 0/8
  6010 | D:5      | Found a staircase to the Ecumenical Temple.
  6143 | Temple   | Entered the Ecumenical Temple
  6570 | Temple   | Became a worshipper of Qazlal Stormbringer
  6570 | Temple   | Reached * piety under Qazlal
  6570 | Temple   | Reached ** piety under Qazlal
  6607 | D:5      | Reached skill level 1 in Invocations
  6655 | D:5      | Noticed Pikel
  6662 | D:5      | Killed Pikel
  6663 | D:5      | Reached skill level 3 in Invocations
  6664 | D:5      | Reached skill level 4 in Invocations
  7453 | D:6      | Gained mutation: You are completely covered in thin
                  | metallic scales. (AC +4, rElec) [demonic ancestry]
  7453 | D:6      | Reached XP level 9. HP: 72/72 MP: 3/12
  7620 | D:6      | Reached skill level 5 in Invocations
  8011 | D:6      | Noticed Edmund
  8016 | D:6      | Killed Edmund
  8503 | D:6      | Identified the +6 morningstar of Vodka {drain, rElec Int-5
                  | Dex+4}
  8692 | D:7      | Reached skill level 5 in Armour
  8692 | D:7      | Reached skill level 6 in Invocations
  8956 | D:7      | Identified the +2 scale mail "Qusad" {Regen+ rCorr}
  9001 | D:7      | Reached skill level 7 in Invocations
  9081 | D:7      | Killed an unseen horror
  9162 | D:7      | Found Uduemyoh's General Store.
  9187 | D:7      | Bought a scroll of enchant weapon for 97 gold pieces
  9320 | D:7      | Reached skill level 8 in Invocations
  9406 | D:8      | Found Docua's Magic Scroll Emporium.
  9437 | D:8      | Reached *** piety under Qazlal
  9446 | D:8      | Reached XP level 10. HP: 79/79 MP: 7/16
  9449 | D:8      | Reached skill level 9 in Invocations
  9466 | D:8      | Bought a scroll of enchant armour for 112 gold pieces
  9793 | D:8      | Found a shimmering altar of Xom.
 10033 | D:8      | Found Myrchier's Armour Boutique.
 10343 | D:9      | Noticed Harold
 10597 | D:9      | Killed Harold
 10598 | D:9      | Reached skill level 10 in Invocations
 10628 | D:10     | Entered Level 10 of the Dungeon
 10628 | D:10     | Found a transporter.
 10675 | D:10     | Reached **** piety under Qazlal
 10678 | D:10     | Reached skill level 11 in Invocations
 11145 | D:10     | Found a staircase to the Lair.
 11209 | D:10     | Found a transporter.
 11209 | D:10     | Found a one-way gate to the infinite horrors of the Abyss.
 11213 | D:10     | Noticed a toenail golem
 11233 | D:10     | Noticed anet's ghost (novice GnDe)
 11300 | D:10     | Found a staircase to the Orcish Mines.
 11659 | D:11     | Reached skill level 12 in Invocations
 11687 | D:11     | Reached XP level 11. HP: 84/84 MP: 11/20
 11756 | D:11     | Noticed a seven-headed hydra
 11769 | D:11     | Killed a seven-headed hydra
 11794 | D:11     | Got the Handbook of Supportive Toxins
 11797 | D:11     | Noticed a tengu warrior
 11807 | D:11     | Noticed a tengu warrior
 11815 | D:11     | Killed a tengu warrior
 11816 | D:11     | Reached skill level 10 in Axes
 11816 | D:11     | Killed a tengu warrior
 11953 | D:11     | Noticed a seven-headed hydra
 11957 | D:11     | Killed a seven-headed hydra
 12083 | D:11     | Found a portal to a secret trove of treasure.
 12283 | Trove    | Entered a treasure trove
 12310 | Trove    | Got Sif Muna's Catalogue of Malediction and Confrontation
 12312 | Trove    | Got Sif Muna's Incunabulum of the Displaced Blaze
 12338 | Trove    | Identified the amulet "Pusheadu" {Reflect -Tele rN+ Int+3
                  | SH+5}
 12824 | D:12     | Noticed a deep elf pyromancer
 12843 | D:12     | Reached skill level 10 in Armour
 12866 | D:12     | Killed a deep elf pyromancer
 12916 | D:12     | Reached skill level 13 in Invocations
 13182 | D:12     | Killed from afar by an efreet

Illustrated notes

Levels and vault maps discovered:
D:1:      wander_arrival_estate, layout_rooms, serial_bayou_ford_a,
          minmay_lizard_king
D:2:      layout_basic
D:3:      layout_basic
D:4:      layout_basic, minmay_misc_feat_secret_circle, minmay_misc_feat_rows,
          grunt_decor_junction
D:5:      layout_loops_ring, minmay_temple_entry_butterflies,
          minmay_manual_moon, uniq_eustachio, uniq_pikel
D:6:      layout_gridville, nicolae_elyvilon_peaceful_grove,
          mrwooster_statue_mirror, uniq_edmund
D:7:      layout_basic, serial_shops, shop
D:8:      layout_loops_ring, lemuel_tele_altar, serial_shops,
          kennysheep_mini_moat, nicolae_shop_waterfront, water_maze_lemuel
D:9:      layout_gridville, uniq_harold
D:10:     layout_cave_pools, lair_entry_dummy, orc_0_dummy,
          gammafunk_ghost_abyssal_escape
D:11:     layout_basic, nicolae_trove_entry_diagonal, kennysheep_doodads
D:12:     layout_roguey
Temple:   mainiacjoe_temple_big_plus

Skill      XL: |  1  2  3  4  5  6  7  8  9 10 11 |
---------------+----------------------------------+-----
Axes           | 3 4 5 6 7 8 9 11 | 11.1
Fighting       | 4 5 6 7 8 |  8.7
Armour         | 1 3 4 6 9 10 | 10.6
Invocations    | 4 8 12 13 | 13.2
Dodging        | |  2.6
Stealth        | |  1.7

Action                   |  1- 3 |  4- 6 |  7- 9 | 10-12 || total
-------------------------+-------+-------+-------+-------++-------
Melee: Hand axe          |   144 |   144 |       |       ||   288
       Falchion          |       |   109 |    34 |       ||   143
       Tailslap          |       |    15 |    53 |    55 ||   123
       Executioner's axe |       |       |   178 |   261 ||   439
       Spear             |       |       |       |    10 ||    10
Invok: Upheaval          |       |       |       |     3 ||     3
       Elemental Force   |       |       |       |     1 ||     1
  Use: Scroll            |       |       |    22 |     1 ||    23
       Potion            |       |       |       |     2 ||     2
 Stab: Sleeping          |     8 |     6 |     2 |       ||    16
Armor: Robe              |    47 |    51 |       |       ||    98
       Ring mail         |       |    60 |    95 |       ||   155
       Scale mail        |       |       |    39 |   203 ||   242
Dodge: Dodged            |    87 |   211 |   153 |   198 ||   649
Block: Other             |       |       |    31 |   170 ||   201
       Reflection        |       |       |       |     5 ||     5

Table legend: (Time is in decaauts)
 A = Elapsed time spent in this place.
 B = Non-inter-level travel time spent in this place.
 C = Inter-level travel time spent in this place.
 D = Time resting spent in this place.
 E = Time spent auto-exploring this place.
 F = Levels seen in this place.
 G = Mean time per level.
                   A        B        C        D        E       F      G
               +--------+--------+--------+--------+--------+-----+--------+
         Total |  13490 |  13225 |    265 |   1713 |   8328 |  14 |  963.6 |
       Dungeon |  12918 |  12683 |    235 |   1713 |   7942 |  12 | 1076.5 |
        Temple |    457 |    427 |     30 |      0 |    386 |   1 |  457.0 |
         Trove |    114 |    114 |      0 |      0 |      0 |   1 |  114.0 |
               +--------+--------+--------+--------+--------+-----+--------+

Top non-repeatable levels by time:
     D:3: 1875 daAuts
     D:5: 1765 daAuts
     D:6: 1565 daAuts
     D:4: 1236 daAuts
    D:11: 1134 daAuts
     D:8: 1034 daAuts
     D:1: 952 daAuts
     D:2: 941 daAuts
     D:7: 776 daAuts
     D:9: 665 daAuts
    D:10: 584 daAuts
  Temple: 457 daAuts
    D:12: 385 daAuts
   Trove: 114 daAuts
